Map: Golden Wall LE

Players

MacrocosM - Winner!

  • Race: Terran Terran
  • Spawn Location: 7:00

VOD

Have the link to the VOD?

Description

MacrocosM #Trump2020

Time

  • Played on: Aug. 8, 2020, 6:02 p.m.
  • Length: 38:30
Show
View Real Time Build Order
Export as new Build Order

MacrocosM Terran - Winner!

Build Orders:  

Get SALT Encoding   

  12  0:01  SCV  
  13  0:17  SCV  
  14  0:26  Supply Depot  
  14  0:34  SCV  
  15  0:43  Refinery  
  15  0:58  Barracks  
  15  1:04  SCV  
  16  1:21  SCV  
  17  1:41  Refinery  
  17  1:49  Supply Depot  
  17  1:51  SCV  
  18  2:09  Factory  
  18  2:15  Orbital Command  
  18  2:35  Barracks Reactor  
  18  2:51  SCV  
  19  3:15  Command Center  
  19  3:20  SCV  
  19  3:26  Factory Tech Lab  
  19  3:29  Marine  
  21  3:34  Marine  
  22  3:40  SCV  
  23  3:54  Marine  
  23  3:57  Hellion  
  23  3:59  Marine  
  27  4:08  SCV  
  28  4:16  Supply Depot  
  28  4:17  Widow Mine  
  28  4:27  Marine  
  31  4:46  Marine  
  31  4:48  Starport  
  31  4:49  SCV  
  33  5:10  SCV  
  34  5:27  SCV  
  35  5:31  Marine x2  
  35  5:36  Cyclone  
  40  5:43  Engineering Bay  
  40  5:53  Engineering Bay  
  40  5:55  SCV  
  41  6:01  Orbital Command  
  41  6:13  Marine x2  
  43  6:21  Siege Tank  
  43  6:26  Refinery  
  46  6:30  Refinery  
  46  6:37  SCV  
  47  6:49  Starport Reactor  
  47  7:08  Marine x2  
  49  7:13  Siege Tank  
  52  7:32  Terran Infantry Weapons Level 1  
  52  7:33  Terran Infantry Armor Level 1  
  52  7:34  Command Center  
  47  7:40  SCV  
  53  7:56  SCV  
  54  8:16  Barracks  
  54  8:25  Starport  
  54  8:35  Armory  
  54  8:38  Armory  
  54  8:53  SCV  
  54  8:58  Supply Depot  
  58  9:10  SCV  
  59  9:25  Orbital Command  
  59  9:27  SCV  
  60  9:39  Barracks Tech Lab  
  60  9:44  SCV  
  60  9:45  Armory  
  60  9:48  Cyclone  
  64  9:53  Unknown  
  64  10:01  SCV  
  65  10:12  SCV  
  65  10:15  Refinery  
  65  10:18  SCV  
  67  10:29  SCV  
  68  10:39  Starport Tech Lab  
  68  10:42  Unknown  
  68  10:46  SCV, Cyclone  
  72  10:52  Marauder  
  72  10:53  Refinery  
  72  10:54  Marine  
  72  10:55  Marine  
  76  11:03  SCV  
  77  11:15  Banshee  
  77  11:19  Medivac x2, Marine x2  
  85  11:20  SCV, Widow Mine  
  85  11:22  Marauder  
  91  11:44  Marine x2  
  93  12:02  Stimpack  
  93  12:12  Marine x2, Viking x2, Hellion  
  93  12:17  Supply Depot x2  
  101  12:37  Barracks  
  101  12:47  Banshee  
  101  12:48  Thor, Supply Depot  
  110  12:51  Barracks  
  110  12:56  Supply Depot  
  110  13:10  Fusion Core  
  110  13:14  Terran Vehicle And Ship Armor Level 1, Terran Ship Weapons Level 1  
  110  13:15  Terran Vehicle Weapons Level 1  
  110  13:21  Terran Infantry Armor Level 2, Supply Depot  
  110  13:29  Terran Infantry Weapons Level 2  
  110  13:35  Supply Depot  
  110  13:56  Banshee  
  110  13:58  Viking  
  110  14:16  Siege Tank  
  113  14:27  Medivac  
  115  14:56  Banshee  
  118  15:07  Marine  
  118  15:08  Marine x4  
  123  15:12  Command Center  
  123  15:16  Cyclone  
  126  15:32  Marine  
  126  15:33  Marine x4  
  126  15:36  Starport  
  131  15:57  Marine  
  131  15:58  Marine x4  
  136  16:01  Medivac x2, Cyclone  
  143  16:10  Battlecruiser  
  149  16:22  Marine  
  149  16:23  Marine x4  
  154  16:48  Marine x3  
  157  16:52  Thor  
  157  16:56  Refinery  
  163  17:16  Starport Tech Lab  
  163  17:32  Refinery  
  163  17:40  Battlecruiser  
  163  17:42  Widow Mine  
  171  18:11  Widow Mine  
  171  18:16  Unknown  
  173  18:41  Widow Mine  
  173  18:46  Unknown  
  173  18:47  Unknown  
  173  18:48  Unknown  
  173  18:50  Terran Infantry Armor Level 3  
  173  18:53  Terran Vehicle Weapons Level 2, Terran Vehicle And Ship Armor Level 2  
  173  18:54  Terran Ship Weapons Level 2  
  172  19:11  Widow Mine  
  144  20:34  Unknown  
  144  20:35  Unknown  
  144  20:36  Unknown  
  144  20:38  Unknown  
  135  20:41  Unknown  
  117  21:13  Marauder  
  117  21:15  Marine  
  117  21:16  Marine x3  
  123  21:28  Battlecruiser x2  
  133  21:30  Viking  
  133  21:31  Viking  
  133  21:40  Marine  
  133  21:41  Marine x3  
  133  21:43  Marauder  
  139  22:05  Marine  
  139  22:06  Marine x3  
  143  22:13  Marauder  
  141  22:30  Marine, Terran Infantry Weapons Level 3  
  141  22:31  Marine x3  
  129  22:43  Marauder  
  131  22:56  Marine x2  
  131  22:58  Banshee, Battlecruiser  
  142  23:00  Viking x2  
  146  23:13  Marauder  
  146  23:15  Orbital Command  
  148  23:20  SCV  
  149  23:37  SCV  
  150  23:43  Marine, Marauder  
  153  23:50  Marine x2  
  153  23:52  Marine  
  153  23:54  SCV  
  153  23:58  Banshee  
  160  24:08  Marine  
  161  24:11  SCV  
  161  24:13  Marauder  
  161  24:15  Marine  
  165  24:28  Banshee  
  125  24:55  Viking x2  
  125  24:58  Battlecruiser  
  123  25:06  Marine  
  123  25:07  Marine x4  
  123  25:28  Viking  
  125  25:31  Marine x2  
  127  25:40  SCV  
  128  25:57  SCV  
  129  26:10  Banshee  
  133  26:20  Barracks Tech Lab x2  
  133  26:23  Marine  
  133  26:24  Marine x2  
  133  26:27  Banshee  
  127  26:44  SCV  
  127  26:48  Marine  
  127  26:49  Marine x2  
  126  26:56  Unknown  
  125  27:01  SCV  
  125  27:04  Marine x2  
  125  27:08  Unknown  
  126  27:10  Banshee  
  126  27:13  Marine  
  126  27:14  Marine x2  
  126  27:18  SCV  
  130  27:27  Banshee  
  130  27:29  Marine  
  128  27:31  Factory  
  125  28:10  Banshee  
  127  28:24  Siege Tank  
  127  28:27  Banshee  
  130  28:33  Factory  
  130  29:10  Banshee  
  133  29:25  Medivac  
  133  29:26  Medivac  
  133  29:27  Banshee  
  140  29:36  Marine  
  140  29:37  Marine x4  
  143  30:01  Marine  
  143  30:02  Marine x4  
  143  30:07  Medivac  
  143  30:08  Medivac  
  150  30:10  Banshee  
  149  30:26  Marine x2  
  149  30:27  Banshee, Marine x3  
  152  30:49  Medivac  
  154  30:51  Marine x2, Widow Mine  
  154  30:52  Marine x3  
  188  31:10  Banshee  
  161  31:16  Marine  
  161  31:17  Marine x2  
  167  31:21  Widow Mine  
  167  31:27  Banshee  
  172  31:48  Terran Vehicle And Ship Armor Level 3  
  172  31:50  Terran Vehicle Weapons Level 3  
  172  31:51  Terran Ship Weapons Level 3, Widow Mine  
  172  32:08  Concussive Shells  
  172  32:09  Banshee  
  177  32:21  Widow Mine  
  177  32:27  Raven  
  173  32:51  Widow Mine  
  172  33:09  Battlecruiser  
  184  33:14  Structure Armor  
  178  33:27  Battlecruiser  
  179  34:06  Unknown x2, Viking x2  
  179  34:34  Hi-Sec Auto Tracking  
  179  34:39  Banshee  
  182  34:55  Unknown, Cloaking Field  
  182  34:57  Banshee  
  185  36:17  Marine x5  
  190  36:22  Medivac  
  192  36:42  Marine x5  
  192  37:07  Marine x4  
Tags
 
Add a new tag
Caveats
  • Supply blocks, unpowered buildings, or Contaminate may cause inaccurate times.
  • Supply counts are checked every 10 seconds.